 Dungeon Crawl Stone Soup version 0.31-a0-210-gccc998df9b (webtiles) character file.

Game seed: 8195300349474903769

24 qw the Shooter (level 3, 0/21 HPs)
             Began as a Gargoyle Hexslinger on June 29, 2023.
             Slain by a kobold
             ... wielding a +0 club
              (2 damage)
             ... on level 1 of the Dungeon.
             The game lasted 00:00:15 (233 turns).

qw the Shooter (Gargoyle Hexslinger)                 Turns: 233, Time: 00:00:16

Health: 0/21       AC:  5    Str: 11    XL:     3   Next: 2%
Magic:  4/4        EV: 12    Int: 13    God:
Gold:   30         SH:  0    Dex: 14    Spells: 3/4 levels left

rFire   . . .        Y - +1 sling
rCold   . . .        (no shield)
rNeg    + . .        c - +0 robe
rPois   inf          (no helmet)
rElec   +            (no cloak)
rCorr   .            (no gloves)
SInv    .            (no boots)
Will    .....        (no amulet)
Stlth   +            (no ring)
HPRegen 0.23/turn    (no ring)
MPRegen 0.09/turn

%: no passive effects
@: no status effects
A: sickness immunity, AC +3, negative energy resistance 1, electricity
resistance, torment resistance 1, petrification resistance
a: no special abilities


You were on level 1 of the Dungeon.
You visited 1 branch of the dungeon, and saw 1 of its levels.

You collected 30 gold pieces.


Innate Abilities, Weirdness & Mutations

You are immune to sickness and miasma.
Your stone body is resilient. (AC +3)
You are immune to poison.
You resist negative energy. (rN+)
You are resistant to electric shocks. (rElec)
You are resistant to unholy torment.
You are immune to petrification.


   Skills:
 + Level 2.0 Fighting
 - Level 3.0 Ranged Weapons
 - Level 1.5 Dodging
 - Level 1.0 Spellcasting
 - Level 2.6 Hexes


You had 3 spell levels left.
You knew the following spells:

 Your Spells              Type           Power      Damage    Failure   Level
a - Slow                  Hex            28%        N/A       10%         1

Your spell library contained the following spells:

 Spells                   Type           Power      Damage    Failure   Level
 Inner Flame              Hex/Fire       4%         N/A       43%         3
 Portal Projectile        Hex/Tloc       8%         N/A       43%         3
 Cause Fear               Hex            3%         N/A       67%         4

Inventory:

Hand Weapons
 Y - a +1 sling (weapon)
Armour
 c - a +0 robe (worn)
Jewellery
 a - a ring of ice
Scrolls
 d - a scroll of noise {unknown}
Potions
 b - a potion of degeneration {unknown}

Dungeon Overview and Level Annotations

Branches:
Dungeon (1/15)

Altars:


Message History

The quokka bites you.
You shoot a sling bullet. The sling bullet hits the quokka.
The quokka is moderately wounded.
The quokka closely misses you. The quokka bites you.
You shoot a sling bullet. The sling bullet hits the quokka.
The quokka is almost dead.
The quokka bites you but does no damage.
The kobold hits you but does no damage.
You shoot a sling bullet.
The sling bullet barely misses the quokka.
The quokka barely misses you. The kobold completely misses you.
The quokka barely misses you.
You shoot a sling bullet.
The sling bullet completely misses the quokka.
The quokka barely misses you. The kobold closely misses you.
The quokka completely misses you.
You shoot a sling bullet.
The sling bullet hits the quokka but does no damage.
The quokka is almost dead.
The kobold closely misses you. The quokka bites you.
The kobold hits you with a +0 club.
You shoot a sling bullet.
The sling bullet hits the quokka but does no damage.
The quokka is almost dead.
The quokka bites you. The kobold hits you with a +0 club.
The quokka misses you.
You shoot a sling bullet. The sling bullet hits the quokka.
You kill the quokka!
The kobold barely misses you.
Your Fighting skill increases to level 2!
You have reached level 3!
Your experience leads to an increase in your attributes!
Increase (S)trength, (I)ntelligence, or (D)exterity?
You feel agile. x2
You shoot a sling bullet.
The sling bullet barely misses the kobold.
The kobold hits you with a +0 club.
You shoot a sling bullet. The sling bullet hits the kobold.
The kobold is severely wounded.
The kobold hits you but does no damage. The kobold hits you with a +0 club.
You die...

....... .....#
.........
####.#
#........
..#..# ..#.....
)#..# ......##
.#..## #.....
..#..# #...# ##
####.#
#.K%###....
.....#
#..@.......
######
#..[###!### ##
#..)## .##
##...# ..##
##.+.### ...#
#.....%# .#.#
#.~~~..# .#.###
#.~_~..###+##
.#...#
#.~~~.......###


You could see a kobold.

Vanquished Creatures
  2 dart slugs (D:1)
  3 bats (D:1)
  2 giant cockroaches (D:1)
  2 goblins (D:1)
  3 hobgoblins (D:1)
  2 quokkas (D:1)
  A kobold (D:1)
  3 rats (D:1)
18 creatures vanquished.

Notes
Turn   | Place    | Note
-------+----------+-------------------------------------------
     0 | D:1      | qw the Gargoyle Hexslinger began the quest for the Orb.
     0 | D:1      | Reached XP level 1. HP: 12/12 MP: 2/2
     0 | D:1      | 0 ||| qw: Version: 0.3-a-24-ga2abf7b
     0 | D:1      | 0 ||| qw: Game counter: 6762
     0 | D:1      | 0 ||| qw: Melee chars always use a shield: true
     0 | D:1      | 0 ||| qw: God list: Okawaru
     0 | D:1      | 0 ||| qw: Allow faded altars: false
     0 | D:1      | 0 ||| qw: Do Orc after clearing Dungeon:15 true
     0 | D:1      | 0 ||| qw: Do second Lair branch before Depths: true
     0 | D:1      | 0 ||| qw: Lair rune preference: random
     0 | D:1      | 0 ||| qw: Goals: Normal
     0 | D:1      | 0 ||| PLANNING D:1-11
     5 | D:1      | 5 ||| READING scroll labelled INADWU FUGOIMU.
     6 | D:1      | 6 ||| DROPPING scroll of poison.
    52 | D:1      | Reached XP level 2. HP: 16/16 MP: 3/3
    64 | D:1      | Reached skill level 3 in Ranged Weapons
   189 | D:1      | Found a faded altar of an unknown god.
   230 | D:1      | HP: 3/17 [kobold/+0 club (2)]
   232 | D:1      | Reached XP level 3. HP: 4/21 MP: 4/4
   233 | D:1      | Slain by a kobold

Levels and vault maps discovered:
D:1:      scummos_arrival_star, layout_basic,
          hellmonk_ecumenical_altar_pennies_from_heaven

Skill      XL: |  1  2 |
---------------+-------+-----
Ranged Weapons | 3 |  3.0
Fighting       | 2 |  2.0
Dodging        | |  1.5
Spellcasting   | |  1.0
Hexes          | |  2.6

Action                     || total
---------------------------++-------
   Fire: Sling             ||    72
    Use: Scroll            ||     1
 Armour: Robe              ||     6
  Dodge: Dodged            ||    30

Table legend:
 A = Non-vault XP
 B = Vault XP
 C = Vault XP percentage of total XP
 D = Non-vault monster count
 E = Vault monster count
 F = Vault count percentage of total count
                 A         B        C        D         E       F
            +---------+---------+-------+---------+---------+-------
      Total |      35 |       0 |   0.0 |      18 |       0 |   0.0
            +---------+---------+-------+---------+---------+-------
        D:1 |      35 |       0 |   0.0 |      18 |       0 |   0.0
            +---------+---------+-------+---------+---------+-------
